 Dungeon Crawl Stone Soup version 0.25.1-2-g60ff931df9 (webtiles) character file.

Game seed: 3654016381749516854

23313 FreshCat the Basher (level 13, 0/80 HPs)
             Began as a Gargoyle Fighter on Sept 9, 2020.
             Was a Priest of the Shining One.
             Slain by Rupert
             ... wielding a +0 battleaxe of flaming
              (21 damage)
             ... on level 3 of the Lair of Beasts.
             The game lasted 00:57:08 (13086 turns).

FreshCat the Basher (Gargoyle Fighter)             Turns: 13086, Time: 00:57:09

Health: 0/80       AC: 27    Str: 30    XL:     13   Next: 5%
Magic:  11/14      EV: 12    Int: 13    God:    the Shining One [***...]
Gold:   559        SH: 20    Dex: 11    Spells: 12/12 levels left

rFire    + . .     SeeInvis .   v - +7 flail (protect)
rCold    . . .     Gourm    .   c - +0 kite shield
rNeg     + + .     Faith    .   R - +0 scale mail of Nemelex Xobeh's Esteem {rF+ Dex+3} (curse)
rPois    ∞         Spirit   .   a - +0 helmet of Quantum Leap {rElec Str+2 Int+2 Dex-2}
rElec    +         Reflect  .   (no cloak)
rCorr    .         Harm     .   (no gloves)
MR       +....                  J - +0 pair of boots
Stlth    ..........             (no amulet)
HPRegen  0.23/turn              C - +6 ring of strength
MPRegen  0.14/turn              p - ring of protection from magic

@: divine shield, protection aura, glowing
A: negative energy resistance 1, electricity resistance, unbreathing,
petrification resistance, rot immunity, AC +9
a: Divine Shield, Renounce Religion


You were on level 3 of the Lair of Beasts.
You worshipped the Shining One.
The Shining One was most pleased with you.
You were hungry.

You visited 3 branches of the dungeon, and saw 16 of its levels.
You also visited: Ossuary.

You collected 714 gold pieces.
You spent 155 gold pieces at shops.

Inventory:

Hand Weapons
 v - a +7 flail of protection (weapon)
Missiles
 e - 507 stones (quivered)
 g - 4 boomerangs
 n - 13 poisoned darts
 I - 3 throwing nets
 P - a curare-tipped dart
Armour
 a - the +0 helmet of Quantum Leap (worn) {rElec Str+2 Int+2 Dex-2}
   (You found it on level 4 of the Dungeon)

   It affects your strength (+2).
   It affects your intelligence (+2).
   It affects your dexterity (-2).
   It insulates you from electricity.
 c - a +0 kite shield (worn)
 J - a +0 pair of boots (worn)
 R - the cursed +0 scale mail of Nemelex Xobeh's Esteem (worn) {rF+ Dex+3}
   (You found it on level 10 of the Dungeon)

   It affects your dexterity (+3).
   It protects you from fire.
   It has a curse placed upon it.
Jewellery
 p - a ring of protection from magic (right hand)
 C - a +6 ring of strength (left hand)
Wands
 b - a wand of enslavement (4)
 w - a wand of acid (1)
 E - a wand of flame (29)
 F - a wand of iceblast (18)
 N - a wand of polymorph (19)
Scrolls
 h - 2 scrolls of enchant armour {unknown}
 j - 2 scrolls of enchant weapon
 k - 2 scrolls of fear
 l - 7 scrolls of teleportation
 m - 2 scrolls of magic mapping
 q - a scroll of summoning {unknown}
 s - a scroll of blinking {unknown}
 B - 5 scrolls of remove curse
 D - 2 scrolls of brand weapon {unknown}
 L - a scroll of holy word {unknown}
Potions
 d - 3 potions of might
 i - a potion of mutation
 r - 5 potions of curing
 t - a potion of ambrosia
 u - a potion of haste {unknown}
 x - a potion of cancellation {unknown}
 z - 4 potions of heal wounds
 A - 3 potions of flight
 H - 5 potions of degeneration {unknown}
 K - 3 potions of magic
 M - 2 potions of brilliance
 O - a potion of berserk rage {unknown}
Comestibles
 f - 24 rations


   Skills:
 + Level 9.3 Fighting
 + Level 13.1 Maces & Flails
 + Level 4.9 Throwing
 + Level 8.8 Armour
 + Level 4.6 Dodging
 - Level 1.0 Stealth
 + Level 11.5 Shields
 * Level 2.0 Invocations
 + Level 0.3 Evocations


You had 12 spell levels left.
You didn't know any spells.
Your spell library contained the following spells:

 Spells                   Type           Power        Failure   Level  Hunger
 Magic Dart               Conj           #...         65%         1    ##.....
 Sandblast                Erth           #.....       65%         1    ##.....
 Blink                    Tloc           N/A          80%         2    ###....
 Call Imp                 Summ           #.......     80%         2    ###....
 Passwall                 Tmut/Erth      #.......     80%         2    ###....
 Poisonous Vapours        Pois/Air       #.....       80%         2    ###....
 Slow                     Hex            #.......     80%         2    ###....
 Conjure Flame            Conj/Fire      #.......     95%         3    ####...
 Mephitic Cloud           Conj/Pois/Air  #.......     95%         3    ####...
 Stone Arrow              Conj/Erth      #.....       95%         3    ####...
 Petrify                  Tmut/Erth      #.......     100%        4    #####..
 Lee's Rapid Deconstruct  Erth           #.........   100%        5    ######.
 Freezing Cloud           Conj/Ice/Air   #.........   100%        6    #######
 Ring of Flames           Chrm/Fire      #.........   100%        7    #######


Dungeon Overview and Level Annotations

Branches:
Dungeon (12/15)            Temple (1/1) D:5            Lair (3/6) D:11
Ossuary (visited)
  Swamp: Lair:2-4    Shoals: Lair:2-4     Snake: Lair:2-4    Spider: Lair:2-4
    Orc: D:9-12

Altars:
Ashenzari
Cheibriados
Dithmenos
Elyvilon
Fedhas
Gozag
Hepliaklqana
Kikubaaqudgha
Makhleb
Nemelex Xobeh
Okawaru
Qazlal
Ru
Sif Muna
Trog
Uskayaw
Vehumet
Wu Jian
Xom
Yredelemnul
Zin
The Shining One
Lugonu

Shops:
D:8 *

Annotations:
D:3 1 runed translucent door
Lair:3 Rupert


Innate Abilities, Weirdness & Mutations

You are resistant to torment.
Your stone body is resilient. (AC +9)
You are immune to poison.
You resist negative energy. (rN+)
You are resistant to electric shocks. (rElec)
You can survive without breathing.
You are immune to petrification.
You are immune to rotting.


Message History

Rupert burns you.
You hit Rupert.
Rupert is heavily wounded.
Rupert hits you but does no damage.
You completely miss Rupert.
Rupert is heavily wounded.
You block Rupert's attack.
Your shield is strengthened by the Shining One's divine power.
You feel slightly more hungry.
You can no longer channel blasts of cleansing flame.
Rupert hits you with a +0 battleaxe of flaming!!
* * * LOW HITPOINT WARNING * * *
Rupert burns you.
* * * LOW HITPOINT WARNING * * *
You are too injured to fight recklessly!
You are too injured to fight recklessly!
You hit Rupert.
Rupert is heavily wounded.
Rupert hits you with a +0 battleaxe of flaming!!
You die...

### ............
#PP.##............
..................
#.P.............
###P#...........
###<..........
#.............
##P...........
###..@.......
#...@......
#....(.....
#.#.(.......
####......##
###.#$#.# ##.. #
.#


You could see Rupert (berserk, poisoned).

Vanquished Creatures
  Erica (D:10)
  Harold (D:10)
  2 hydras
  An unseen horror (D:11)
  An ugly thing (D:11)
  5 black mambas
  9 spiny frogs
  A kobold demonologist (D:8)
  A komodo dragon (Lair:2)
  19 blink frogs
  3 hippogriffs
  A wraith (D:10)
  8 yaks
  Grum (D:10)
  A steam dragon (D:10)
  A basilisk (Lair:3)
  Edmund (D:5)
  4 water moccasins
  5 porcupines
  6 sky beasts
  A black bear (D:6)
  An eye of draining (D:10)
  2 orc warriors
  2 ice beasts
  2 necrophages
  7 ogres
  3 wolves (D:10)
  5 centaurs
  10 big kobolds (D:8)
  2 crocodiles (Lair:1)
  Blork the orc (D:6)
  13 bullfrogs
  A gnoll sergeant (D:9)
  2 scorpions
  A water moccasin skeleton (D:4)
  15 killer bees
  16 wights
  3 howler monkeys
  5 crimson imps
  A bullfrog zombie (D:5)
  4 centaur zombies
  2 bullfrog skeletons
  4 hounds
  4 centaur skeletons
  4 orc priests
  4 jellies
  5 iguanas
  15 orc wizards
  11 worker ants
  A killer bee zombie (D:5)
  2 hound zombies
  3 hound skeletons
  6 mummies
  2 worker ant zombies
  Robin (D:4)
  4 gnolls
  9 adders
  A shadow imp (D:9)
  2 oozes
  A worm (D:2)
  3 adder skeletons
  An adder zombie (D:6)
  2 dart slugs (D:2)
  8 leopard geckos
  38 orcs
  5 bats
  3 giant cockroaches
  19 goblins
  8 hobgoblins
  5 jackals
  3 quokkas
  3 ball pythons
  4 frilled lizards
  4 hobgoblin zombies (Ossuary)
  14 kobolds
  A leopard gecko zombie (D:3)
  A quokka skeleton (D:7)
  11 rats
383 creatures vanquished.

Vanquished Creatures (others)
  A two-headed ogre (D:10)
1 creature vanquished.

Grand Total: 384 creatures vanquished

Notes
Turn   | Place    | Note
-------+----------+-------------------------------------------
     0 | D:1      | FreshCat the Gargoyle Fighter began the quest for the Orb.
     0 | D:1      | Reached XP level 1. HP: 14/14 MP: 1/1
   156 | D:1      | Reached XP level 2. HP: 17/19 MP: 2/2
   628 | D:1      | Found a basalt altar of Yredelemnul.
   816 | D:2      | Reached XP level 3. HP: 23/23 MP: 3/3
  1086 | D:2      | Reached XP level 4. HP: 28/28 MP: 4/4
  1647 | D:2      | Found a glowing silver altar of Zin.
  1746 | D:3      | Reached skill level 3 in Maces & Flails
  1746 | D:3      | Reached XP level 5. HP: 26/33 MP: 5/5
  2001 | D:3      | Found a glowing silver altar of Zin.
  2001 | D:3      | Noticed an angel
  2004 | D:3      | Found a runed translucent door.
  2241 | D:3      | Found an ornate altar of the Wu Jian Council.
  2269 | D:3      | Reached XP level 6. HP: 36/38 MP: 6/6
  2487 | D:4      | Found a basalt altar of Yredelemnul.
  2783 | D:4      | Reached skill level 4 in Maces & Flails
  2867 | D:4      | Reached skill level 5 in Shields
  2906 | D:5      | Entered Level 5 of the Dungeon
  2954 | D:4      | Reached skill level 1 in Throwing
  3296 | D:4      | Got an ichor-stained helmet
  3302 | D:4      | Identified the +0 helmet of Quantum Leap {rElec Str+2 Int+2
                  | Dex-2} (You found it on level 4 of the Dungeon)
  3343 | D:4      | Noticed Robin
  3374 | D:4      | Killed Robin
  3374 | D:4      | Reached XP level 7. HP: 34/43 MP: 7/7
  4087 | D:6      | Reached skill level 5 in Maces & Flails
  4087 | D:6      | Reached skill level 1 in Dodging
  4151 | D:5      | Noticed a +0 dagger
  4155 | D:5      | Noticed a +0 hand axe
  4158 | D:5      | Found a hide-covered altar of Uskayaw.
  4182 | D:5      | Reached XP level 8. HP: 38/48 MP: 8/8
  4376 | D:5      | Found a staircase to the Ecumenical Temple.
  4386 | Temple   | Entered the Ecumenical Temple
  4510 | D:5      | Reached skill level 5 in Armour
  4512 | D:5      | Noticed Edmund
  4529 | D:5      | Killed Edmund
  5090 | D:6      | Noticed Blork the orc
  5099 | D:6      | Killed Blork the orc
  5199 | D:7      | Reached skill level 5 in Fighting
  5199 | D:7      | Reached skill level 6 in Maces & Flails
  5240 | D:7      | Reached XP level 9. HP: 37/54 MP: 9/9
  5260 | D:7      | Found a sand-covered staircase.
  5278 | Ossuary  | Entered an ossuary
  5622 | D:6      | Found a hazy altar of Hepliaklqana.
  5623 | D:6      | Found a shimmering altar of Xom.
  5624 | D:6      | Noticed a spectral ugly thing
  5984 | D:6      | Reached skill level 7 in Maces & Flails
  6112 | D:6      | Found a snail-covered altar of Cheibriados.
  6129 | D:6      | Found an opulent altar of Gozag.
  6129 | D:6      | Found a radiant altar of Vehumet.
  6129 | D:6      | Found a shattered altar of Ashenzari.
  6138 | D:6      | Found a stormy altar of Qazlal.
  6138 | D:6      | Found a glowing golden altar of the Shining One.
  6146 | D:6      | Became a worshipper of the Shining One
  6238 | D:7      | Reached skill level 1 in Stealth
  6379 | D:7      | Reached skill level 8 in Maces & Flails
  6437 | D:7      | Found a bloodstained altar of Trog.
  6713 | D:7      | Reached * piety under the Shining One
  6728 | D:7      | Reached XP level 10. HP: 53/60 MP: 10/10
  7469 | D:8      | Noticed a kobold demonologist
  7493 | D:8      | Killed a kobold demonologist
  7493 | D:8      | Reached skill level 9 in Maces & Flails
  7606 | D:8      | Found a burning altar of Makhleb.
  7707 | D:8      | Found Heb Oll's Assorted Antiques.
  7714 | D:8      | Bought a scroll of teleportation for 93 gold pieces
  7714 | D:8      | Bought a scroll of identify for 62 gold pieces
  8227 | D:10     | Entered Level 10 of the Dungeon
  8364 | D:9      | Reached ** piety under the Shining One
  8428 | D:10     | Reached skill level 10 in Maces & Flails
  8811 | D:10     | Reached XP level 11. HP: 51/66 MP: 4/11
  9068 | D:10     | Noticed Grum
  9081 | D:10     | Killed Grum
  9190 | D:10     | Got an ancient scale mail
  9191 | D:10     | Identified the cursed +0 scale mail of Nemelex Xobeh's
                  | Esteem {rF+ Dex+3} (You found it on level 10 of the
                  | Dungeon)
  9310 | D:11     | Found a staircase to the Lair.
  9328 | D:11     | Noticed a cyclops
  9489 | D:10     | Noticed Harold
  9507 | D:10     | Killed Harold
  9507 | D:10     | Reached skill level 11 in Maces & Flails
  9610 | D:10     | Noticed a two-headed ogre
  9611 | D:10     | Noticed Erica
  9626 | D:10     | Killed Erica
  9626 | D:10     | Reached skill level 10 in Shields
  9863 | D:10     | Reached *** piety under the Shining One
 10153 | D:11     | Found a stormy altar of Qazlal.
 10243 | D:12     | Noticed a green ugly thing
 10255 | D:11     | Killed a green ugly thing
 10389 | D:11     | Noticed a six-headed hydra
 10399 | D:11     | Killed a six-headed hydra
 10476 | D:12     | Noticed a deep elf mage
 10476 | D:12     | Noticed an unseen horror
 10476 | D:12     | Noticed an unseen horror
 10495 | D:11     | Killed an unseen horror
 10547 | D:12     | Noticed a skeletal warrior
 10547 | D:12     | Noticed a skeletal warrior
 10547 | D:12     | Noticed a skeletal warrior
 10547 | D:12     | Noticed a skeletal warrior
 10758 | Lair:1   | Entered Level 1 of the Lair of Beasts
 10905 | Lair:2   | Reached XP level 12. HP: 60/73 MP: 12/12
 11088 | Lair:1   | Reached skill level 12 in Maces & Flails
 11866 | Lair:1   | Reached **** piety under the Shining One
 12180 | Lair:2   | Reached skill level 13 in Maces & Flails
 12314 | Lair:2   | Noticed a six-headed hydra
 12333 | Lair:2   | Killed a six-headed hydra
 12333 | Lair:2   | Reached skill level 1 in Invocations
 12336 | Lair:2   | Reached XP level 13. HP: 45/80 MP: 10/14
 13065 | Lair:3   | Noticed Rupert
 13086 | Lair:3   | Slain by Rupert

Illustrated notes

Levels and vault maps discovered:
D:1:      dpeg_arrival_lava_altar, layout_basic
D:2:      layout_basic, lemuel_doored_altar, first_ration
D:3:      layout_loops_ring, old_standard_altar, serial_undead, serial_undead_e,
          serial_undead_b, serial_undead_a, serial_undead_f, serial_undead_d,
          lemuel_angel_altar
D:4:      layout_cave_pods, old_standard_altar, minmay_misc_feat_room,
          minmay_goblin_kobold_house, uniq_robin
D:5:      layout_basic, dancing_weapons_uskayaw, minmay_temple_entry_offerings,
          uniq_edmund
D:6:      layout_rooms, regret_index_temple_of_mockery,
          minmay_overflow_temple_hex, grunt_decor_one_mirror,
          minmay_strange_pillars, uniq_blork_the_orc
D:7:      layout_basic, kennysheep_mini_moat, gup_ossuary_entry_pyramid,
          minmay_fountain_box, grunt_ogre_cave
D:8:      layout_cave_pods, lemuel_coloured_pillars_altar, special_room
          [special_room_kobold], serial_shops, nicolae_shop_stone,
          serial_co_window_serial, co_window_of_opportunity_a,
          co_window_of_opportunity_a, co_window_paths_a,
          co_window_of_opportunity_a, co_window_paths_a, co_window_cross_4,
          co_window_broadway_c, co_window_2corner, co_window_paths_c,
          co_window_corner_cb, co_window_paths_d, glass_columns_a,
          glass_columns_b, glass_columns_c
D:9:      layout_grid_maze
D:10:     layout_basic, uniq_grum, uniq_erica, uniq_harold
D:11:     layout_basic, lair_entry_dummy, basic_altar,
          minmay_misc_feat_more_columns
D:12:     layout_roguey, david_orc_5
Temple:   corrupted_temple
Lair:1:   layout_roguey, cheibrodos_lair_reptile_den
Lair:2:   layout_chaotic_city
Lair:3:   layout_cave_pods, minmay_swamp_entry_eels,
          guppyfry_snake_entry_island, uniq_nergalle, uniq_rupert

Skill      XL: |  1  2  3  4  5  6  7  8  9 10 11 12 13 |
---------------+----------------------------------------+-----
Armour         | 4 5 6 8 |  8.8
Shields        | 4 5 6 7 8 9 10 11 | 11.5
Maces & Flails | 3 4 5 6 8 10 11 13 | 13.1
Fighting       | 4 5 6 8 9 |  9.3
Throwing       | 1 2 3 4 |  4.9
Dodging        | 1 2 3 4 |  4.6
Stealth        | 1 |  1.0
Invocations    | 1 2 |  2.0
Evocations     | |  0.3

Action                   |  1- 3 |  4- 6 |  7- 9 | 10-12 | 13-15 || total
-------------------------+-------+-------+-------+-------+-------++-------
Melee: Flail             |   136 |   244 |   221 |   609 |    32 ||  1242
       Whip              |       |    35 |   158 |       |       ||   193
Throw: Stone             |    28 |     5 |    28 |     6 |     1 ||    68
       Dart              |       |    10 |    15 |     9 |     5 ||    39
       Boomerang         |       |    18 |    10 |    24 |       ||    52
       Throwing net      |       |       |       |     1 |       ||     1
Invok: Divine Shield     |       |       |       |     1 |     1 ||     2
Evoke: Wand              |       |       |       |     2 |       ||     2
  Use: Scroll            |     1 |     4 |    10 |     5 |     2 ||    22
  Eat: Chunk             |     1 |     8 |    11 |    15 |     2 ||    37
       Ration            |       |       |       |     1 |       ||     1
Armor: Scale mail        |    61 |   167 |   158 |   262 |     5 ||   653
Dodge: Dodged            |    40 |    96 |   124 |   202 |     8 ||   470
Block: Kite shield       |    77 |   166 |   189 |   365 |    11 ||   808
